[Event "45th FIDE Olympiad 2024"]
[Site "Budapest"]
[Date "2024.09.13"]
[Round "3.82"]
[White "Cottle, Brian S"]
[Black "Drayton, Anthony"]
[Result "0-1"]
[ECO "A21"]
[WhiteElo "1804"]
[BlackElo "1964"]
[Annotator "NA RC"]
[PlyCount "86"]
[EventDate "2024.09.05"]
[EventType "team-tourn"]
[EventCountry "HUN"]
[SourceTitle "playchess.com"]
[Source "ChessBase"]
[SourceQuality "1"]
[WhiteTeam "Saint Vincent and the Grenadines"]
[BlackTeam "Guyana"]
[BlackTeamCountry "GUY"]
[TimeControl "40/5400+30:1800+30"]

1. c4 e5 2. Nc3 Bb4 3. g3 Bxc3 4. bxc3 d6 5. Bg2 Nc6 6. Ba3 Nge7 7. d3 b6 8. Nf3 O-O 9. O-O Rb8 10. Re1 Bd7 11. Qc2 Qc8 12. Bc1 Bh3 13. d4 Bxg2 14. Kxg2 f6 15. Be3 Nf5 16. Qe4 Nxe3+ 17. Qxe3 Qb7 18. d5 Na5 19. Nd2 f5 20. f4 Nxc4 21. Qd3 Nxd2 22. Qxd2 Rbe8 23. e3 Re7 24. Rf1 Rfe8 25. Rf2 exf4 26. exf4 Qa6 27. Raf1 Re2 28. Qd1 Qxa2 29. Qd3 g6 30. Qb5 Kf7 31. h4 h5 32. Kf3 R8e3+ 33. Kg2 a5 34. Qc6 Re7 35. Qb5 Qc2 36. Qc6 a4 37. Kg1 a3 38. Rxe2 Qxe2 39. Qa8 Qe3+ 40. Kg2 Qxc3 41. Rf2 Re3 42. Qa6 Rxg3+ 43. Kf1 Qc1+ 0-1

[Event "45th FIDE Olympiad 2024"]
[Site "Budapest"]
[Date "2024.09.13"]
[Round "3.83"]
[White "Zilka, Stepan"]
[Black "Thavandiran, Shiyam"]
[Result "0-1"]
[ECO "C13"]
[WhiteElo "2574"]
[BlackElo "2388"]
[Annotator "RC"]
[PlyCount "62"]
[EventDate "2024.09.05"]
[EventType "team-tourn"]
[EventCountry "HUN"]
[SourceTitle "playchess.com"]
[Source "ChessBase"]
[SourceQuality "1"]
[WhiteTeam "Czech Republic"]
[BlackTeam "Canada"]
[WhiteTeamCountry "CZE"]
[BlackTeamCountry "CAN"]
[TimeControl "40/5400+30:1800+30"]

1. e4 e6 2. d4 d5 3. Nc3 Nf6 4. Bg5 dxe4 5. Nxe4 Be7 6. Nxf6+ Bxf6 7. Bxf6 Qxf6 8. Nf3 O-O 9. Qd3 Bd7 10. O-O-O Rd8 11. Qe3 Nc6 12. Kb1 Nb4 13. a3 Nd5 14. Qe1 c5 15. dxc5 Rac8 16. Bc4 Rxc5 17. Bxd5 exd5 18. Nd4 Bf5 19. Qe3 Rdc8 20. Rd2 Rc4 21. Re1 h6 22. Ree2 Bg6 23. f3 Qa6 24. g4 b5 25. h4 Kh8 26. h5 Bh7 27. Qe7 b4 28. Qxf7 bxa3 29. b3 Rxd4 30. Re8+ Rxe8 31. Qxe8+ Bg8 0-1

[Event "45th FIDE Olympiad 2024"]
[Site "Budapest"]
[Date "2024.09.13"]
[Round "3.83"]
[White "Sandiford, Keron"]
[Black "Schneider, James U"]
[Result "1/2-1/2"]
[ECO "C72"]
[WhiteElo "1755"]
[BlackElo "1486"]
[Annotator "NA"]
[PlyCount "125"]
[EventDate "2024.09.05"]
[EventType "team-tourn"]
[EventCountry "HUN"]
[SourceTitle "playchess.com"]
[Source "ChessBase"]
[SourceQuality "1"]
[WhiteTeam "Guyana"]
[BlackTeam "Saint Vincent and the Grenadines"]
[WhiteTeamCountry "GUY"]
[TimeControl "40/5400+30:1800+30"]

1. e4 e5 2. Nf3 Nc6 3. Bb5 a6 4. Ba4 d6 5. c3 b5 6. Bc2 Bg4 7. O-O Qf6 8. d3 Bxf3 9. Qxf3 Qxf3 10. gxf3 Be7 11. a4 b4 12. Bb3 Na5 13. Bc2 b3 14. Bd1 g5 15. c4 Rb8 16. Nc3 Nc6 17. Nd5 Kd7 18. Be3 Nf6 19. Ra3 Nxd5 20. cxd5 Nd4 21. Bxd4 exd4 22. Rxb3 a5 23. Rxb8 Rxb8 24. b3 Bf6 25. Re1 Be5 26. Re2 c5 27. dxc6+ Kxc6 28. Rc2+ Kd7 29. Rc4 h6 30. b4 Rxb4 31. Rxb4 axb4 32. Bb3 f6 33. Kg2 h5 34. a5 Kc7 35. h4 Kb7 36. Bc4 Ka7 37. Kh3 Kb7 38. a6+ Ka7 39. Bf7 Kxa6 40. Bxh5 b3 41. Bf7 b2 42. Ba2 gxh4 43. Kxh4 Kb5 44. Kg4 Kb4 45. f4 Kc3 46. fxe5 fxe5 47. Bb1 Kd2 48. f4 exf4 49. Kxf4 Kc1 50. Ba2 Kc2 51. Kf3 Kxd3 52. Kf2 Kd2 53. Kf1 Ke3 54. Ke1 Kxe4 55. Kd2 d5 56. Bb1+ d3 57. Bxd3+ Kd4 58. Bb1 Kc4 59. Bd3+ Kd4 60. Bb1 Kc4 61. Kc2 d4 62. Kxb2 Kb4 63. Bh7 1/2-1/2

[Event "45th FIDE Olympiad 2024"]
[Site "Budapest"]
[Date "2024.09.13"]
[Round "3.84"]
[White "Preotu, Razvan"]
[Black "Krejci, Jan"]
[Result "1-0"]
[ECO "D02"]
[WhiteElo "2451"]
[BlackElo "2556"]
[Annotator "RC"]
[PlyCount "83"]
[EventDate "2024.09.05"]
[EventType "team-tourn"]
[EventCountry "HUN"]
[SourceTitle "playchess.com"]
[Source "ChessBase"]
[SourceQuality "1"]
[WhiteTeam "Canada"]
[BlackTeam "Czech Republic"]
[WhiteTeamCountry "CAN"]
[BlackTeamCountry "CZE"]
[TimeControl "40/5400+30:1800+30"]

1. Nf3 d5 2. g3 Nd7 3. d4 Nb6 4. b3 Bf5 5. Nbd2 e6 6. Nh4 Bg4 7. h3 Bh5 8. Ng2 f6 9. Nf4 Bf7 10. Bb2 Bd6 11. Nd3 c6 12. e4 Ne7 13. Bg2 O-O 14. O-O Nd7 15. c4 Rc8 16. Re1 dxc4 17. Nxc4 Bb8 18. Ba3 Re8 19. Nc5 Qc7 20. Nxe6 Bxe6 21. d5 Nb6 22. dxe6 Rcd8 23. Qh5 Ng6 24. e7 Nxe7 25. Nd6 Rf8 26. Rad1 Ng6 27. Qg4 Qe7 28. Nc4 c5 29. Ne3 Ne5 30. Nf5 Qc7 31. Qe2 Nc8 32. f4 Rxd1 33. Rxd1 Nf7 34. Qg4 Nfd6 35. Nxd6 Nxd6 36. Qe6+ Kh8 37. e5 fxe5 38. Qxe5 b6 39. Bb2 Re8 40. Qh5 Qe7 41. Be5 Rf8 42. Rxd6 1-0

[Event "45th FIDE Olympiad 2024"]
[Site "Budapest"]
[Date "2024.09.13"]
[Round "3.85"]
[White "Amartuvshin, Ganzorig"]
[Black "Rodshtein, Maxim"]
[Result "1/2-1/2"]
[ECO "D85"]
[WhiteElo "2402"]
[BlackElo "2600"]
[Annotator "RC"]
[PlyCount "62"]
[EventDate "2024.09.05"]
[EventType "team-tourn"]
[EventCountry "HUN"]
[SourceTitle "playchess.com"]
[Source "ChessBase"]
[SourceQuality "1"]
[WhiteTeam "Mongolia"]
[BlackTeam "Israel"]
[WhiteTeamCountry "MGL"]
[BlackTeamCountry "ISR"]
[TimeControl "40/5400+30:1800+30"]

1. d4 Nf6 2. c4 g6 3. Nc3 d5 4. cxd5 Nxd5 5. e4 Nxc3 6. bxc3 Bg7 7. Be3 c5 8. Rc1 O-O 9. Nf3 Bg4 10. Be2 Qa5 11. O-O Qxa2 12. Ra1 Qe6 13. h3 Bxf3 14. Bxf3 Qd7 15. dxc5 Qc7 16. Qb3 Nd7 17. c6 bxc6 18. Ra6 c5 19. Qa3 Be5 20. Bg4 Nf6 21. f4 Nxg4 22. hxg4 Bg7 23. e5 Rfc8 24. Ra5 Qd7 25. g5 Qd3 26. Bxc5 e6 27. Rf3 Qd1+ 28. Rf1 Qd3 29. Rf3 Qd1+ 30. Rf1 Qd3 31. Rf3 Qd1+ 1/2-1/2

[Event "45th FIDE Olympiad 2024"]
[Site "Budapest"]
[Date "2024.09.13"]
[Round "3.85"]
[White "Koumba, Mounguen Jose Evrard"]
[Black "Mahamat, Hachim Bachar"]
[Result "1/2-1/2"]
[ECO "C18"]
[WhiteElo "1957"]
[BlackElo "1872"]
[Annotator "NA RC"]
[PlyCount "138"]
[EventDate "2024.09.05"]
[EventType "team-tourn"]
[EventCountry "HUN"]
[SourceTitle "playchess.com"]
[Source "ChessBase"]
[SourceQuality "1"]
[WhiteTeam "Gabon"]
[BlackTeam "Chad"]
[WhiteTeamCountry "GAB"]
[BlackTeamCountry "CHD"]
[TimeControl "40/5400+30:1800+30"]

1. e4 e6 2. d4 d5 3. Nc3 Bb4 4. e5 c5 5. a3 Bxc3+ 6. bxc3 c4 7. a4 Ne7 8. Ne2 O-O 9. Ng3 f5 10. Be2 g6 11. Bf4 Qa5 12. Qd2 Bd7 13. h4 h5 14. Bh6 Rf7 15. O-O Kh7 16. Nxh5 Ng8 17. Nf6+ Rxf6 18. exf6 Nxh6 19. h5 Qd8 20. Qg5 Qg8 21. f3 gxh5 22. Qxh5 Qg6 23. Qh4 Nc6 24. Kf2 Rf8 25. Rh1 Qxf6 26. Qf4 e5 27. dxe5 Nxe5 28. Rh2 Qb6+ 29. Kf1 Nef7 30. g4 fxg4 31. fxg4 Qd6 32. Qxd6 Nxd6+ 33. Ke1 Kg6 34. Rh5 Re8 35. Rxd5 Nhf7 36. Kf2 Bc6 37. Rd4 Ne4+ 38. Kg1 Ne5 39. Rf1 Ng3 40. Rd6+ Kg5 41. Rf2 Rh8 42. Rxc6 Rh1+ 43. Kg2 Nxc6 44. Kxg3 Rg1+ 45. Kh2 Ra1 46. Rf5+ Kg6 47. Bxc4 Rxa4 48. Rc5 Ra3 49. g5 a5 50. Bd3+ Kg7 51. Rd5 Rxc3 52. Rd7+ Kf8 53. g6 Ne5 54. Rxb7 Nxd3 55. cxd3 Rxd3 56. Ra7 Ra3 57. g7+ Kg8 58. Kg2 a4 59. Kf2 Ra1 60. Kf3 a3 61. Kg2 Ra2+ 62. Kg3 Kh7 63. Kh3 Ra1 64. Kg2 Kg8 65. Kh2 Ra2+ 66. Kg3 Kh7 67. Kh3 Ra1 68. Kg2 a2 69. Kh2 Kg8 1/2-1/2

[Event "45th FIDE Olympiad 2024"]
[Site "Budapest"]
[Date "2024.09.13"]
[Round "3.86"]
[White "Nabaty, Tamir"]
[Black "Chinguun, Sumiya"]
[Result "1-0"]
[ECO "D46"]
[WhiteElo "2630"]
[BlackElo "2389"]
[Annotator "TA"]
[PlyCount "77"]
[EventDate "2024.09.05"]
[EventType "team-tourn"]
[EventCountry "HUN"]
[SourceTitle "playchess.com"]
[Source "ChessBase"]
[SourceQuality "1"]
[WhiteTeam "Israel"]
[BlackTeam "Mongolia"]
[WhiteTeamCountry "ISR"]
[BlackTeamCountry "MGL"]
[TimeControl "40/5400+30:1800+30"]

1. d4 Nf6 2. c4 e6 3. Nf3 d5 4. Nc3 c6 5. e3 Nbd7 6. Qc2 Bd6 7. Bd3 O-O 8. O-O dxc4 9. Bxc4 b5 10. Bd3 Bb7 11. e4 e5 12. Bg5 Re8 13. dxe5 Nxe5 14. Nxe5 {The position is equal.} Bxe5 15. f4 Bd4+ (15... Qb6+ $11 16. Kh1 Bxc3 17. bxc3 c5 18. Bxf6 c4 (18... Qxf6 19. e5 $16) 19. Bxc4 bxc4) 16. Kh1 $16 {Black must now prevent e5.} h6 17. Bh4 {Strongly threatening e5.} Qb6 18. e5 Ng4 {[#]} (18... Bxc3 $142 19. Qxc3 Nd5) 19. Qe2 $1 Ne3 20. Rf3 {Rg3 is the strong threat.} Kh8 $2 (20... c5 $16) 21. Rg3 $18 {[%cal Oh4f6] Threatening mate with Bf6!} c5 22. Qh5 (22. Rxe3 c4 23. Be4 Bxe3 24. Bxb7 Qxb7 25. Qxe3 b4 $18) (22. Bxb5 Nf5 23. Rh3 Nxh4 24. Rxh4 Reb8 $14) (22. Nxb5 c4 23. Bxc4 (23. Nxd4 Nxg2 24. Rxg2 cxd3 $11) 23... Nxc4 24. Qxc4 Bf2 $18 (24... Bxb2 $2 25. Rd1 $18)) 22... Nxg2 23. Rxg2 Bxg2+ 24. Kxg2 {[%cal Oh4f6] aiming for Bf6!} Kg8 25. Nd5 ({Weaker is} 25. Nxb5 c4 26. Nxd4 (26. Bxc4 Qc6+ 27. Qf3 Qxc4 $17) 26... Qxd4 $14) 25... Qe6 26. Be4 {[%cal Od5f6] And now Nf6+! would win. This pair of bishops is nice.} Rac8 $2 {[#]} (26... Rad8) 27. Nf6+ $1 Kf8 (27... gxf6 28. Bxf6) 28. Nxe8 (28. Bd5 $142) 28... Rxe8 29. Qf5 g5 30. Bf2 ({Don't play} 30. fxg5 Qxf5 31. Bxf5 Rxe5 $18) 30... Bxf2 31. Kxf2 gxf4 $2 (31... Qxf5 32. Bxf5 Rd8) 32. Qxf4 {White is clearly winning.} Qxe5 33. Qxh6+ Ke7 34. Re1 {Bc6 would now be deadly.} Qxb2+ 35. Bc2+ Kd7 36. Qd2+ Qd4+ 37. Qxd4+ cxd4 38. Rxe8 Kxe8 39. Kf3 {White took control after the opening.   Weighted Error Value: White=0.28 (precise) /Black=0.54.  Loses game:     	---       	Black=1      Mistake:       	---       	Black=4      Inaccurate:     	White=1     	Black=3      OK:         	White=9     	Black=5      Best:        	White=3     	---} (39. Ke2 $142 Ke7 40. Kd3) 1-0

[Event "45th FIDE Olympiad 2024"]
[Site "Budapest"]
[Date "2024.09.13"]
[Round "3.86"]
[White "Abdelaziz Bokhit, Badjoiri"]
[Black "Bongo Akanga Ndjila, Barthelemy"]
[Result "0-1"]
[ECO "C06"]
[WhiteElo "1778"]
[BlackElo "1894"]
[Annotator "NA RC"]
[PlyCount "86"]
[EventDate "2024.09.05"]
[EventType "team-tourn"]
[EventCountry "HUN"]
[SourceTitle "playchess.com"]
[Source "ChessBase"]
[SourceQuality "1"]
[WhiteTeam "Chad"]
[BlackTeam "Gabon"]
[WhiteTeamCountry "CHD"]
[BlackTeamCountry "GAB"]
[TimeControl "40/5400+30:1800+30"]

1. e4 e6 2. d4 d5 3. Nd2 Nf6 4. e5 Nfd7 5. Bd3 c5 6. c3 Nc6 7. Ne2 cxd4 8. cxd4 Qb6 9. Nb3 a5 10. Be3 a4 11. Nd2 Qxb2 12. O-O Qb6 13. Rb1 Qd8 14. Bb5 Nb6 15. f4 Be7 16. Qc2 Bd7 17. Nf3 Nb4 18. Bxd7+ Qxd7 19. Qb2 Nc4 20. Qc3 Nxa2 21. Qd3 Nb4 22. Rxb4 Bxb4 23. Rb1 Be7 24. Nc3 a3 25. Na2 b5 26. Bd2 O-O 27. Ng5 Bxg5 28. fxg5 Nxd2 29. Qxd2 Rfc8 30. h4 Rc4 31. h5 Qa7 32. Rd1 Rac8 33. Nb4 Qa4 34. Rf1 Qxb4 35. Qf4 Qe7 36. Kh2 b4 37. Qg4 Qc7 38. Rf4 a2 39. g6 a1=Q 40. gxh7+ Kxh7 41. h6 f5 42. exf6 Qxd4 43. Qxg7+ Qxg7 0-1

[Event "45th FIDE Olympiad 2024"]
[Site "Budapest"]
[Date "2024.09.13"]
[Round "3.87"]
[White "Baasansuren, Erdene"]
[Black "Smirin, Ilia"]
[Result "1-0"]
[ECO "A15"]
[WhiteElo "2368"]
[BlackElo "2575"]
[Annotator "RC"]
[PlyCount "79"]
[EventDate "2024.09.05"]
[EventType "team-tourn"]
[EventCountry "HUN"]
[SourceTitle "playchess.com"]
[Source "ChessBase"]
[SourceQuality "1"]
[WhiteTeam "Mongolia"]
[BlackTeam "Israel"]
[WhiteTeamCountry "MGL"]
[BlackTeamCountry "ISR"]
[TimeControl "40/5400+30:1800+30"]

1. Nf3 Nf6 2. c4 g6 3. b4 Bg7 4. Bb2 O-O 5. g3 d6 6. Bg2 a5 7. b5 e5 8. O-O Nbd7 9. d3 Nc5 10. Nc3 e4 11. Nxe4 Nfxe4 12. Bxg7 Nxf2 13. Rxf2 Kxg7 14. Qd2 f5 15. Raf1 Bd7 16. e4 Qf6 17. e5 dxe5 18. Nxe5 Qxe5 19. d4 Qf6 20. dxc5 Rfd8 21. Qf4 c6 22. Qc7 Kh6 23. Rf4 g5 24. R4f2 Qd4 25. Qxb7 Rab8 26. Qc7 cxb5 27. c6 Be6 28. Qxa5 Ra8 29. Qe1 Re8 30. cxb5 Rxa2 31. c7 Rxf2 32. Rxf2 Qd6 33. Re2 Qc5+ 34. Kh1 Kg7 35. b6 Kf7 36. Qf2 Qc4 37. Rc2 Qd3 38. Rc1 Bd5 39. b7 Bxg2+ 40. Qxg2 1-0

[Event "45th FIDE Olympiad 2024"]
[Site "Budapest"]
[Date "2024.09.13"]
[Round "3.88"]
[White "Postny, Evgeny"]
[Black "Itgelt, Khuyagtsogt"]
[Result "1/2-1/2"]
[ECO "D17"]
[WhiteElo "2577"]
[BlackElo "2412"]
[Annotator "RC"]
[PlyCount "77"]
[EventDate "2024.09.05"]
[EventType "team-tourn"]
[EventCountry "HUN"]
[SourceTitle "playchess.com"]
[Source "ChessBase"]
[SourceQuality "1"]
[WhiteTeam "Israel"]
[BlackTeam "Mongolia"]
[WhiteTeamCountry "ISR"]
[BlackTeamCountry "MGL"]
[TimeControl "40/5400+30:1800+30"]

1. d4 d5 2. c4 c6 3. Nf3 Nf6 4. Nc3 dxc4 5. a4 Bf5 6. Nh4 e6 7. Nxf5 exf5 8. e3 Bd6 9. Bxc4 O-O 10. Qf3 Qd7 11. h3 Na6 12. Bd3 g6 13. Bxa6 bxa6 14. g4 c5 15. gxf5 cxd4 16. exd4 Bb4 17. O-O Qxd4 18. Bg5 Bxc3 19. bxc3 Qe4 20. Kg2 Qxf3+ 21. Kxf3 Nd7 22. Rfd1 f6 23. Be3 Ne5+ 24. Ke2 Rac8 25. Rd6 Nc4 26. Rxa6 Nxe3 27. fxe3 Rxc3 28. fxg6 Re8 29. gxh7+ Kxh7 30. Rxf6 Rcxe3+ 31. Kf2 Re2+ 32. Kg3 Rg8+ 33. Kf3 Rh2 34. Rf7+ Kh8 35. Rxa7 Rxh3+ 36. Kf4 Rh4+ 37. Kf3 Rh3+ 38. Kf2 Rh2+ 39. Kf3 1/2-1/2

[Event "45th FIDE Olympiad 2024"]
[Site "Budapest"]
[Date "2024.09.13"]
[Round "3.89"]
[White "Theodorou, Nikolas"]
[Black "Murphy, Conor E"]
[Result "1/2-1/2"]
[ECO "D35"]
[WhiteElo "2619"]
[BlackElo "2453"]
[Annotator "TA"]
[PlyCount "75"]
[EventDate "2024.09.05"]
[EventType "team-tourn"]
[EventCountry "HUN"]
[SourceTitle "playchess.com"]
[Source "ChessBase"]
[SourceQuality "1"]
[WhiteTeam "Greece"]
[BlackTeam "Ireland"]
[WhiteTeamCountry "GRE"]
[BlackTeamCountry "IRL"]
[TimeControl "40/5400+30:1800+30"]

1. c4 e6 2. Nc3 d5 3. d4 Nf6 4. cxd5 exd5 5. Bg5 c6 6. e3 Bf5 7. Nge2 Bd6 8. f3 {[%cal Oe3e4] And now e4! would win.} Bg6 9. h4 {[%cal Oh4h5] h5! would now be deadly.} h6 10. Bf4 Na6 11. Kf2 Nc7 12. Ng3 Ne6 13. Bxd6 Qxd6 14. h5 Bh7 15. Bd3 Bxd3 16. Qxd3 O-O-O 17. Nce2 g6 18. a4 (18. hxg6 fxg6 19. Rh3 (19. Qxg6 Nxd4 20. Nf4 Rhg8 $16) 19... Rdg8 $11) 18... Kb8 19. Qa3 (19. hxg6 fxg6 20. b4 (20. Qxg6 Nxd4 21. Qd3 Nxe2 $11) 20... h5 $15) 19... Ne8 20. b4 $1 Qe7 21. b5 Qxa3 22. Rxa3 cxb5 23. axb5 Nd6 24. Nc3 Nc7 $1 25. Rb3 {Black must now prevent b6.} Nc4 26. Nce2 Rd6 27. Rc1 Rb6 28. Nf4 Rc8 (28... Rxb5 29. Rxb5 Nxb5 30. Nxd5 $14 (30. hxg6 fxg6 31. Nxg6 Re8 $16)) 29. e4 Rxb5 30. Rxb5 Nxb5 31. hxg6 fxg6 32. Nxg6 {[#] Threatens to win with Ne7.} dxe4 ({Much worse is} 32... Nxd4 33. Ne7 (33. exd5 a5 $15) (33. Rd1 Nb5 $15) 33... Rf8 (33... Nb3 34. Rc3 $16) 34. Nxd5 $14 (34. exd5 Nd6 $11)) 33. Nxe4 Nxd4 {The position is equal.} 34. Ne7 Rc7 35. Nd5 Rc8 36. Ne7 Rc7 37. Nd5 Rc8 38. Ne7 {Weighted Error Value: White=0.07 (flawless) /Black=0.07 (flawless) .  Inaccurate:     	White=3     	Black=4      OK:         	White=10    	Black=17     Best:        	White=4     	---        Strong:       	White=1     	Black=1} 1/2-1/2

[Event "45th FIDE Olympiad 2024"]
[Site "Budapest"]
[Date "2024.09.13"]
[Round "3.90"]
[White "Kanyamarala, Tarun"]
[Black "Kourkoulos-Arditis, Stamatis"]
[Result "0-1"]
[ECO "E92"]
[WhiteElo "2361"]
[BlackElo "2570"]
[Annotator "RC"]
[PlyCount "96"]
[EventDate "2024.09.05"]
[EventType "team-tourn"]
[EventCountry "HUN"]
[SourceTitle "playchess.com"]
[Source "ChessBase"]
[SourceQuality "1"]
[WhiteTeam "Ireland"]
[BlackTeam "Greece"]
[WhiteTeamCountry "IRL"]
[BlackTeamCountry "GRE"]
[TimeControl "40/5400+30:1800+30"]

1. d4 Nf6 2. c4 g6 3. Nc3 Bg7 4. e4 d6 5. Nf3 O-O 6. Be2 e5 7. d5 a5 8. h3 Na6 9. Bg5 Nc5 10. Nd2 h6 11. Be3 Nh7 12. g4 f5 13. gxf5 gxf5 14. Qc2 Na6 15. exf5 Nb4 16. Qb1 Bxf5 17. Nde4 Qh4 18. a3 Nf6 19. Bf3 Kh8 20. Rg1 Bh7 21. Ke2 Na6 22. Rg3 Nh5 23. Bxh5 Qxh5+ 24. Kd2 Nc5 25. Bxc5 dxc5 26. Qg1 Bf6 27. Qh2 Be7 28. Rag1 Rf7 29. Qg2 Raf8 30. Ke1 Qf5 31. Rg4 Qf3 32. Qh2 Rf4 33. R1g3 Bxe4 34. Rxf3 Bxf3 35. Rg6 Kh7 36. Qg3 R8f7 37. Re6 Bf6 38. Ne2 Rf5 39. Ng1 Rg7 40. Qh2 Be4 41. f3 Bh4+ 42. Kd2 Bb1 43. Ne2 Rxf3 44. Rxe5 Rf1 45. Rh5 Be1+ 46. Ke3 Rgf7 47. Nf4 R1xf4 48. Qxf4 Bd2+ 0-1

[Event "45th FIDE Olympiad 2024"]
[Site "Budapest"]
[Date "2024.09.13"]
[Round "3.90"]
[White "Meier, Peter"]
[Black "Heim, Colin Peter"]
[Result "1-0"]
[ECO "E11"]
[WhiteElo "2062"]
[BlackElo "1751"]
[Annotator "NA RC"]
[PlyCount "67"]
[EventDate "2024.09.05"]
[EventType "team-tourn"]
[EventCountry "HUN"]
[SourceTitle "playchess.com"]
[Source "ChessBase"]
[SourceQuality "1"]
[WhiteTeam "Seychelles"]
[BlackTeam "US Virgin Islands"]
[WhiteTeamCountry "SEY"]
[TimeControl "40/5400+30:1800+30"]

1. d4 Nf6 2. Nf3 d5 3. c4 e6 4. g3 Bb4+ 5. Bd2 Bxd2+ 6. Qxd2 h6 7. Bg2 Ne4 8. Qc2 Qe7 9. O-O O-O 10. Rc1 Nc6 11. a3 b6 12. cxd5 Nxd4 13. Nxd4 exd5 14. Nc3 Nxc3 15. bxc3 Bb7 16. Nf5 Qf6 17. c4 c6 18. cxd5 cxd5 19. Qd3 a5 20. Nd4 Ba6 21. Qd2 Bc4 22. Rab1 Rab8 23. a4 Rfe8 24. e3 Qg6 25. Nb5 Re7 26. Nc3 Rd8 27. Qd4 Rd6 28. e4 Qe6 29. exd5 Bxd5 30. Nxd5 Red7 31. Rc8+ Kh7 32. Qe4+ Qxe4 33. Bxe4+ g6 34. Nxb6 1-0

[Event "45th FIDE Olympiad 2024"]
[Site "Budapest"]
[Date "2024.09.13"]
[Round "3.91"]
[White "Papaioannou, Ioannis"]
[Black "O'Gorman, Tom"]
[Result "1-0"]
[ECO "C77"]
[WhiteElo "2615"]
[BlackElo "2353"]
[Annotator "TA"]
[PlyCount "65"]
[EventDate "2024.09.05"]
[EventType "team-tourn"]
[EventCountry "HUN"]
[SourceTitle "playchess.com"]
[Source "ChessBase"]
[SourceQuality "1"]
[WhiteTeam "Greece"]
[BlackTeam "Ireland"]
[WhiteTeamCountry "GRE"]
[BlackTeamCountry "IRL"]
[TimeControl "40/5400+30:1800+30"]

1. e4 e5 2. Nf3 Nc6 3. Bb5 a6 4. Ba4 Nf6 5. d3 d6 6. c3 g6 7. O-O Bg7 8. Re1 O-O 9. h3 b5 10. Bc2 Bb7 11. Be3 Re8 {White has an edge.} 12. Nbd2 Nb8 13. b4 Nbd7 14. a4 c5 15. Qb1 {Threatens to win with bxc5.} Rb8 16. axb5 axb5 17. Ra5 Ba8 ({Black should try} 17... cxb4 $14 18. cxb4 (18. Rxb5 bxc3 19. Rxb7 cxd2 $14) (18. Qxb4 Bc6 $14) 18... Ra8) 18. Qa2 $16 cxb4 19. cxb4 {[%cal Bc3b4,Bb4c5,Bc5c6][%mdl 32] aiming for Bb3.} Bf8 20. Nb3 ({White should play} 20. Bb3 $16 d5 21. exd5 Bxb4 22. Ra7) 20... d5 $11 21. Nc5 Rc8 (21... Nxc5 $11 {remains equal.} 22. Bxc5 Nh5) 22. Rxb5 $16 {White is much more active.} d4 (22... Nxc5 $16 23. Bxc5 (23. bxc5 dxe4 24. dxe4 Nxe4 $14) 23... Bxc5 24. Rxc5 (24. bxc5 dxe4 25. dxe4 Qe7 $14) 24... Rxc5 25. bxc5 Qc7) 23. Bd2 $18 Nxc5 24. bxc5 h6 {Prevents Ng5.} (24... Bc6 {was called for.}) 25. Bb3 Qd7 {[#]} (25... Re7 {keeps fighting.} 26. Bxf7+ Kg7) 26. c6 $1 {[%mdl 512] White is clearly winning.} Qc7 (26... Bxc6 27. Nxe5) 27. Ba5 Qa7 28. Nxe5 Bxc6 (28... Rxe5 $142 29. Rxe5 Rxc6) 29. Bxf7+ Kg7 30. Bxe8 Bxe8 31. Rb2 {And now Reb1 would win.} Ra8 {[#]} 32. Qe6 $1 {[%cal Oe1b1] Reb1! would now be deadly.} Ba4 {[#]} (32... Qe7 33. Qxe7+) 33. Reb1 $1 {Weighted Error Value: White=0.12 (very precise) /Black=0.45.  Mistake:       	White=1     	Black=6      Inaccurate:     	White=1     	---        OK:         	White=8     	Black=4      Best:        	White=2     	---        Brilliant:      	White=1     	---} 1-0

[Event "45th FIDE Olympiad 2024"]
[Site "Budapest"]
[Date "2024.09.13"]
[Round "3.91"]
[White "Hair, Justin M"]
[Black "Pillay, Ragul"]
[Result "1-0"]
[ECO "A07"]
[WhiteElo "1725"]
[BlackElo "1633"]
[Annotator "NA"]
[PlyCount "73"]
[EventDate "2024.09.05"]
[EventType "team-tourn"]
[EventCountry "HUN"]
[SourceTitle "playchess.com"]
[Source "ChessBase"]
[SourceQuality "1"]
[WhiteTeam "US Virgin Islands"]
[BlackTeam "Seychelles"]
[BlackTeamCountry "SEY"]
[TimeControl "40/5400+30:1800+30"]

1. Nf3 d5 2. g3 Nf6 3. Bg2 c6 4. d3 g6 5. Nbd2 Bg7 6. O-O O-O 7. Rb1 Nbd7 8. e4 dxe4 9. Nxe4 Nxe4 10. dxe4 Nc5 11. Qe2 Be6 12. b3 Qc8 13. Ng5 Bg4 14. Qe3 Na6 15. h3 Bd7 16. Kh2 Bh6 17. Qe2 Bg7 18. Bb2 Bxb2 19. Rxb2 h6 20. Nf3 Rd8 21. Qe3 Kh7 22. Ne5 Be6 23. f4 Qc7 24. c4 Nb4 25. Qc3 Na6 26. f5 gxf5 27. exf5 Bd7 28. Nxf7 Rf8 29. Ne5 Bxf5 30. Rbf2 e6 31. g4 Qg7 32. gxf5 Nc5 33. f6 Qg5 34. Ng4 Rad8 35. Qc2+ Kh8 36. f7 Rd3 37. b4 1-0

[Event "45th FIDE Olympiad 2024"]
[Site "Budapest"]
[Date "2024.09.13"]
[Round "3.92"]
[White "Fitzsimons, David"]
[Black "Mastrovasilis, Dimitrios"]
[Result "1-0"]
[ECO "B30"]
[WhiteElo "2315"]
[BlackElo "2550"]
[Annotator "RC"]
[PlyCount "61"]
[EventDate "2024.09.05"]
[EventType "team-tourn"]
[EventCountry "HUN"]
[SourceTitle "playchess.com"]
[Source "ChessBase"]
[SourceQuality "1"]
[WhiteTeam "Ireland"]
[BlackTeam "Greece"]
[WhiteTeamCountry "IRL"]
[BlackTeamCountry "GRE"]
[TimeControl "40/5400+30:1800+30"]

1. e4 c5 2. Nf3 Nc6 3. Bb5 e5 4. O-O Be7 5. Re1 Nd4 6. Nxd4 cxd4 7. c3 Bc5 8. b4 Bb6 9. Bb2 Ne7 10. Qh5 Ng6 11. cxd4 exd4 12. Na3 O-O 13. Bf1 d6 14. Nc4 Be6 15. Nxb6 Qxb6 16. Qb5 Qxb5 17. Bxb5 a6 18. Bf1 Rfc8 19. Bxd4 Rc2 20. Bc3 Rxa2 21. Rxa2 Bxa2 22. Ra1 Be6 23. b5 d5 24. f3 dxe4 25. fxe4 Bc8 26. Kf2 Nf8 27. Ke3 f6 28. bxa6 bxa6 29. Bc4+ Ne6 30. Rb1 Kf8 31. Bd5 1-0